Cogmind - Beta 16 @@@ ROGUE MODE // 2025.11.30 @ 20:01:47 Player: jumpy Result: Destroyed by X-67 Chaingunner with Heavy Machine Gun Performance ------------- Evolutions (4) 2000 Regions Visited (9) 1800 Robots Destroyed (89) 445 Value Destroyed (3536) 3536 Prototype IDs (7) 140 Alien Tech Used (0) 0 Bonus (2643) 2643 TOTAL SCORE: 10564 Bonus ------- High Alert Combat Kills 74 Entered Garrisons 600 Used RIF Installer 2000 Friendly Fire -31 Cogmind --------- Core Integrity 0/850 Matter 56/300 Energy 21/100 System Corruption 3% Temperature Cool (0) Movement Core (750) Ox14 Location -6/Factory Parts ------- > --- POWER (1) -------- (None) > --- PROPULSION (4) --- (None) > --- UTILITY (7) ------ High-capacity Storage Unit Advanced Targeting Computer Advanced Targeting Computer Core Analyzer > --- WEAPON (3) ------- Pulse Rifle > --- INVENTORY (20) --- Heavy Deuterium Engine Compact Wheel Advanced Heat Sink Enhanced Optical Array Advanced Terrain Scanner Advanced Terrain Scan Processor Advanced Targeting Computer Weapon Cycler Transmission Jammer Propulsion Shielding Improved Light Armor Plating Improved Hacking Suite Spear Peak State ------------ > --- POWER ------------ Light Angular Momentum Engine > --- PROPULSION ------- Aluminum Leg Carbon-fiber Leg Carbon-fiber Leg Improved Carbon-fiber Leg > --- UTILITY ---------- High-capacity Storage Unit Advanced Targeting Computer Advanced Targeting Computer Core Analyzer Weapon Cycler Improved Light Armor Plating Force Field > --- WEAPON ----------- Phase Cannon Mini Assault Cannon Spear > --- INVENTORY -------- Improved Deuterium Engine Heavy Deuterium Engine Compact Wheel Advanced Heat Sink Enhanced Optical Array Enhanced Optical Array Improved Terrain Scanner Advanced Terrain Scan Processor Advanced Targeting Computer Core Analyzer Transmission Jammer Hacking Suite Relay Coupler [NC] Relay Coupler [Grunt] Pulse Rifle Gatling Laser Gauss Rifle Flak Gun Flak Gun Remote Datajack [Rating: 60] Favorites ----------- Power Enhanced Nuclear Core Engine Heavy Deuterium Engine Power Core Enhanced Nuclear Core Propulsion Aluminum Leg Leg Aluminum Leg Wheel Compact Wheel Utility Advanced Targeting Computer Device Seismic Detector Storage High-capacity Storage Unit Processor Advanced Targeting Computer Hackware Relay Coupler [Grunt] Protection Hardened Light Armor Plating Weapon Flak Gun Energy Gun Field Laser Energy Cannon Phase Cannon Ballistic Gun Flak Gun Ballistic Cannon Mini Assault Cannon Special Weapon Remote Datajack Piercing Weapon Spear Build | -11 -10 -9 -8 -8 -7 -7 -7 -7 -6 ------- Run | Yrd Mat Mat Mat Gar Fac Gar Fac Gar Fac Slots Evolved 8 | . . 2 2 . 2 . . . 2 Power . | . . . . . . . . . . Propulsion 2 | . . 1 . . 1 . . . . Utility 5 | . . 1 1 . 1 . . . 2 Weapon 1 | . . . 1 . . . . . . Parts Attached 86 | 7 3 13 4 11 15 11 1 3 18 Power 9 | 1 . 2 . 1 2 1 . . 2 Engine 8 | 1 . 2 . 1 1 1 . . 2 Core 1 | . . . . . 1 . . . . Reactor . | . . . . . . . . . . Propulsion 27 | 2 1 4 . 5 3 5 . 1 6 Treads . | . . . . . . . . . . Leg 26 | 2 1 4 . 5 3 5 . 1 5 Wheel 1 | . . . . . . . . . 1 Hover . | . . . . . . . . . . Flight . | . . . . . . . . . . Utility 22 | 2 2 1 3 1 3 2 . 2 6 Device 7 | 1 . . 2 1 . 1 . 1 1 Storage 4 | 1 2 . . . 1 . . . . Processor 6 | . . 1 1 . 1 1 . 1 1 Hackware 2 | . . . . . . . . . 2 Protection 3 | . . . . . 1 . . . 2 Artifact . | . . . . . . . . . . Weapon 28 | 2 . 6 1 4 7 3 1 . 4 Energy Gun 10 | . . 4 1 2 2 . . . 1 Energy Cannon 3 | . . 1 . . . . . . 2 Ballistic Gun 12 | 2 . 1 . 2 4 2 1 . . Ballistic Cannon 1 | . . . . . 1 . . . . Launcher . | . . . . . . . . . . Special Weapon 1 | . . . . . . . . . 1 Impact Weapon . | . . . . . . . . . . Slashing Weapon . | . . . . . . . . . . Piercing Weapon 1 | . . . . . . 1 . . . Special Melee Weapon . | . . . . . . . . . . Unidentified Prototypes 5 | . . 1 . . 4 . . . . Parts Lost 43 | . . 5 2 9 . 6 . 5 16 Power 4 | . . 1 . . . 1 . . 2 Propulsion 17 | . . 2 1 4 . 3 . 2 5 Utility 10 | . . . 1 2 . 2 . 2 3 Weapon 12 | . . 2 . 3 . . . 1 6 Highest Loss Streak 14 | . . 5 1 4 . 2 . 5 14 To Critical Strikes 1 | . . . . . . . . . 1 Average Backups 14 | 4 7 9 11 9 14 18 18 17 19 Power 1 | . 1 . 1 1 2 1 1 1 1 Propulsion 1 | 1 2 2 4 2 1 1 1 1 . Utility 7 | 1 3 4 4 3 6 10 10 9 10 Weapon 3 | . 1 1 2 1 3 5 6 5 5 Tool/Special . | . . . . . . . . . . Unused Backups 23 | 1 . 1 . . 4 1 . 1 15 Power 3 | . . 1 . . 1 . . . 1 Propulsion 2 | 1 . . . . 1 . . . . Utility 16 | . . . . . 1 1 . 1 13 Weapon 2 | . . . . . 1 . . . 1 Tool/Special . | . . . . . . . . . . Average Slot Usage (%) 92 | . 100 88 98 95 90 97 100 92 89 Engine 5 | . 14 10 9 9 2 2 7 7 5 Core 1 | . . . . . 4 4 . . . Leg 25 | . 28 26 27 26 26 28 30 24 21 Device 9 | . 14 11 17 16 7 6 7 6 9 Storage 7 | . 14 11 9 9 7 7 7 7 6 Processor 13 | . . 7 9 9 10 14 15 19 19 Protection 3 | . . . . . 6 6 7 3 5 Energy Gun 7 | . . 7 26 21 10 . 3 3 . Energy Cannon 1 | . . 5 . . . . . . 3 Ballistic Gun 10 | . 28 8 . 3 9 19 15 19 5 Ballistic Cannon 1 | . . . . . 1 . . . 4 Piercing Weapon 1 | . . . . . . 2 3 . 3 Peak Build Rating 60 | 7 8 17 24 27 47 48 45 46 60 Average Rating 35 | 5 7 12 23 24 33 45 44 44 54 On Entrance 26 | . 7 8 17 23 24 47 45 44 45 Avg Prop Armor Cover (%) 11 | . . . . . . . . . 11 Naked Turns . | . . . . . . . . . . Heaviest Build 84 | 15 30 36 39 40 66 69 68 68 84 Greatest Support 60 | 20 20 30 30 38 60 60 55 55 58 Greatest Overweight (x) 4 | . 1 3 1 1 1 2 1 1 4 Average Overweight (x) . | . . 1 1 . . 1 1 1 1 Largest Inventory Capacity 20 | 8 15 15 15 15 20 20 20 20 20 Average Capacity 17 | 7 9 15 15 15 16 20 20 20 20 Most Carried 20 | 7 8 13 12 12 20 20 18 19 20 Average Carried 14 | 4 7 9 10 9 14 18 18 17 19 Final Capacity 20 | 8 15 15 15 15 20 20 20 20 20 Final Carried 20 | 7 8 13 11 11 20 18 18 17 13 Class Distribution -------------------- 45% | Scavenger-Gunner 25% | Scavenger-Mutant 17% | Mutant 12% | Gunner Dominant Class ---------------- Mutant | -10/Materials Scavenger-Mutant | -9/Materials Scavenger-Gunner | -8/Materials Scavenger-Gunner | -8/Garrison Scavenger-Gunner | -7/Factory Gunner | -7/Garrison Scavenger-Gunner | -7/Factory Scavenger-Gunner | -7/Garrison Scavenger-Mutant | -6/Factory Resources | -11 -10 -9 -8 -8 -7 -7 -7 -7 -6 ----------- Run | Yrd Mat Mat Mat Gar Fac Gar Fac Gar Fac Matter Collected 2344 | 366 62 303 80 121 247 487 . 234 444 Remotely . | . . . . . . . . . . Salvage Created 3318 | 247 199 511 154 416 218 611 . 316 646 Parts 184 | 22 11 26 4 23 13 38 . 16 31 Haulers Intercepted 5 | . . 1 . . 3 . . . 1 Recyclers Shooed 1 | . . 1 . . . . . . . Parts Field Recycled . | . . . . . . . . . . Retrieved Matter . | . . . . . . . . . . Parts Self-Destructed . | . . . . . . . . . . Prevented . | . . . . . . . . . . Parts Restored . | . . . . . . . . . . Kills | -11 -10 -9 -8 -8 -7 -7 -7 -7 -6 ------- Run | Yrd Mat Mat Mat Gar Fac Gar Fac Gar Fac Combat Hostiles Destroyed 71 | . 6 10 3 10 2 19 . 7 14 Melee 2 | . . . . . . 2 . . . Guns 52 | . 6 6 3 9 2 17 . 7 2 Cannons 15 | . . 4 . . . . . . 11 Classes Destroyed 15 | 3 3 2 1 2 . 3 . . 1 Worker 2 | 1 . 1 . . . . . . . Tunneler 6 | 6 . . . . . . . . . Hauler 5 | . . 1 . . 3 . . . 1 Recycler 2 | 1 . 1 . . . . . . . Operator 1 | . . . 1 . . . . . . Watcher 2 | . 1 . . . . . . . 1 Swarmer 14 | . 3 3 . 2 . 3 . . 3 Cutter 3 | . . . . . . 3 . . . Grunt 32 | . 3 5 3 5 . 7 . 4 5 Brawler 1 | . . . . . . 1 . . . Duelist 1 | . . . . . . 1 . . . Sentry 6 | . . 2 . 1 . 1 . . 2 Specialist 4 | . . . . 1 . 2 . . 1 Hunter 1 | . . . . . . . . . 1 Programmer 9 | . . . . 1 2 1 . 3 2 Best Kill Streak 5 | 4 5 3 3 3 1 4 . 3 3 Combat Bots Only 5 | . 5 2 3 3 1 4 . 3 3 Max Kills in Single Turn 2 | 1 1 1 1 1 1 2 . 1 1 Gunslinging 1 | . . . . . . 1 . . . Exploded . | . . . . . . . . . . Melee 1 | . . . . . . 1 . . . Uniques/NPCs Destroyed . | . . . . . . . . . . Combat | -11 -10 -9 -8 -8 -7 -7 -7 -7 -6 -------- Run | Yrd Mat Mat Mat Gar Fac Gar Fac Gar Fac Hostile Shots Fired 693 | . 35 68 19 96 4 96 . 55 320 Missed 191 | . 9 19 1 25 1 26 . 11 99 Hits 502 | . 26 49 18 71 3 70 . 44 221 Melee 16 | . . . . . . 15 . . 1 Projectile 486 | . 26 49 18 71 3 55 . 44 220 AOE 4 | . . . . . . 3 . . 1 Critical Strikes 16 | . 1 . . 2 1 9 . 1 2 Part Disruptions 4 | . . . . . . . . . 4 Damage Taken 7334 | . 254 544 268 1014 46 1308 . 672 3228 Core 1402 | . 8 106 15 157 . 136 . 109 871 Absorbed by Shields 182 | . . . . . . . . . 182 Core Remaining (%) 80 | 100 96 73 . 68 . . . 65 . Volleys Fired 232 | 16 21 39 9 35 12 33 . 16 51 Largest 3 | 2 2 2 3 3 3 3 . 3 3 Hottest 189 | 40 40 126 189 189 149 84 . 119 125 Shots Fired 523 | 32 42 72 27 86 36 90 . 46 92 Gun 433 | 32 42 54 27 86 31 87 . 46 28 Cannon 86 | . . 18 . . 5 3 . . 60 Launcher . | . . . . . . . . . . Special 4 | . . . . . . . . . 4 Kinetic 338 | 32 42 46 . 15 17 90 . 36 60 Thermal 181 | . . 26 27 71 19 . . 10 28 Explosive . | . . . . . . . . . . Electromagnetic . | . . . . . . . . . . Robot Hit Streak 26 | 4 3 11 9 23 26 7 . 10 17 Robot Miss Streak 19 | 3 3 3 1 3 1 19 . 3 3 Penetration Max 1 | . . . . . . . . . 1 Secondary Targets 11 | . . . . . . 8 . 3 . Max Gunslinging Chain 2 | . . . . . . 2 . 1 . Shots Hit Robots 373 | 16 22 45 20 57 24 83 . 33 73 Core Hits 218 | 8 10 19 7 19 9 94 . 17 35 Critical Kills 1 | . . . . . . . . . 1 Critical Parts Destroyed 3 | . . . . . . . . 1 2 Critical Strikes 12 | . . . 3 1 2 1 . 1 4 Burn 5 | . . . 3 1 1 . . . . Meltdown 1 | . . . . . . . . . 1 Destroy 4 | . . . . . . . . 1 3 Blast 1 | . . . . . 1 . . . . Impale 1 | . . . . . . 1 . . . Melee Attacks 26 | . . . . . . 21 . . 5 Impact . | . . . . . . . . . . Slashing . | . . . . . . . . . . Piercing 26 | . . . . . . 21 . . 5 Sneak Attacks . | . . . . . . . . . . Combat Hostiles . | . . . . . . . . . . Follow-up Attacks . | . . . . . . . . . . Damage Inflicted 6869 | 207 284 643 339 900 481 1400 . 710 1905 Guns 4866 | 207 284 356 339 900 404 1143 . 710 523 Cannons 1647 | . . 285 . . 72 . . . 1290 Explosions . | . . . . . . . . . . Melee 349 | . . . . . . 257 . . 92 Ramming 7 | . . 2 . . 5 . . . . Kinetic 4002 | 207 284 307 . 97 231 1143 . 547 1186 Thermal 2511 | . . 334 339 803 245 . . 163 627 Explosive . | . . . . . . . . . . Electromagnetic . | . . . . . . . . . . Impact . | . . . . . . . . . . Slashing . | . . . . . . . . . . Piercing 349 | . . . . . . 257 . . 92 Highest Corruption 17 | . . 1 . . 4 14 14 17 3 Average Corruption 8 | . . 1 . . 4 6 14 15 2 Corruption Purged . | . . . . . . . . . . Corruption Blocked . | . . . . . . . . . . Effects 54 | . . 1 . . 9 24 1 19 . Message Errors 9 | . . . . . 1 4 1 3 . Matter Fused 11 | . . 1 . . 2 4 . 4 . Heat Flow Errors 4 | . . . . . . 3 . 1 . Energy Discharges 13 | . . . . . 4 4 . 5 . Parts Rejected 1 | . . . . . . 1 . . . Parts Fused 2 | . . . . . . 1 . 1 . Data Loss (minor) 7 | . . . . . 1 4 . 2 . Data Loss (major) 2 | . . . . . . . . 2 . Misfires 2 | . . . . . . 2 . . . Alerts 1 | . . . . . 1 . . . . Weapon Failures 2 | . . . . . . 1 . 1 . Overload Shots . | . . . . . . . . . . Overflow Damage 80 | . . . . 33 . . . . 47 Projectiles 47 | . . . . . . . . . 47 Explosions 33 | . . . . 33 . . . . . Melee . | . . . . . . . . . . Knockbacks 7 | . . . . . . . . . 7 Impact . | . . . . . . . . . . Kinetic 7 | . . . . . . . . . 7 Secondary . | . . . . . . . . . . Self-Inflicted Damage 109 | . . . . 109 . . . . . Shots 1 | . . . . 1 . . . . . Rammed . | . . . . . . . . . . Targets Rammed 3 | . . 1 . . 2 . . . . Kicked 3 | . . 1 . . 2 . . . . Crushed . | . . . . . . . . . . Highest Temperature 373 | . . 237 321 336 231 239 . 222 373 Average Temperature 96 | . . 73 161 98 97 81 . 93 105 Received Heat Transfer 1157 | . 90 147 126 288 . 258 . 81 167 Effects 6 | . . . 1 . . . . . 5 Shutdowns 1 | . . . . . . . . . 1 Energy Bleed 3 | . . . . . . . . . 3 Matter Decay 1 | . . . 1 . . . . . . Short Circuit 1 | . . . . . . . . . 1 Siege Activations . | . . . . . . . . . . Martial Activations . | . . . . . . . . . . Shielding Activations . | . . . . . . . . . . Robots Disrupted . | . . . . . . . . . . Combat Hostiles . | . . . . . . . . . . Robots Corrupted . | . . . . . . . . . . Combat Hostiles . | . . . . . . . . . . Parts Fried . | . . . . . . . . . . Impact Corruptions . | . . . . . . . . . . Robots Melted 2 | . . . . 1 . . . . 1 Combat Hostiles 2 | . . . . 1 . . . . 1 Parts Melted 18 | . . . 5 9 1 . . . 3 Heat Transferred 5187 | . . 629 962 1776 555 . . 296 969 Parts Sabotaged 1 | . . . . . . . . . 1 Parts Stolen . | . . . . . . . . . . Parts Stripped . | . . . . . . . . . . Power Chain Reactions . | . . . . . . . . . . Alert | -11 -10 -9 -8 -8 -7 -7 -7 -7 -6 ------- Run | Yrd Mat Mat Mat Gar Fac Gar Fac Gar Fac Maximum Alert Level 2 | . . . . 1 . 2 1 1 . Low Security (%) 75 | 100 100 100 100 41 100 23 . 45 100 Level 1 20 | . . . . 58 . 48 100 54 . Level 2 4 | . . . . . . 28 . . . Level 3 . | . . . . . . . . . . Level 4 . | . . . . . . . . . . Level 5 . | . . . . . . . . . . High Security . | . . . . . . . . . . Max Security . | . . . . . . . . . . Peak Influence 474 | 10 97 110 78 362 189 474 248 230 120 Initial 248 | . . 27 27 37 189 . 248 166 120 Average 118 | 1 50 72 49 247 33 287 243 199 24 Influence Increases 2073 | 40 157 328 91 415 82 534 . 114 312 Destroy 0b10 Robot/C 1315 | . 120 200 60 200 40 380 . 105 210 Destroy 0b10 Robot/NC 88 | 40 5 15 5 . 15 . . . 8 Destroy Leader 218 | . 22 52 10 10 26 30 . 8 60 Successful Hack 38 | . 10 . . 14 . 14 . . . Disable Machine 27 | . . . 15 . . . . . 12 Anti-Garrison Action 150 | . . . . 100 . 50 . . . Destroy Structure 75 | . . 1 1 46 1 15 . 1 10 Lose Combat Pursuer 162 | . . 60 . 45 . 45 . . 12 Influence Decreases 2073 | 40 90 328 100 111 444 60 236 122 542 Entered New Map 682 | . . 40 40 21 173 . 226 72 110 Time Decay 1022 | 40 90 238 40 . 271 . 10 . 333 Lost Part 339 | . . 50 20 90 . 60 . 50 69 Lost Ally 30 | . . . . . . . . . 30 Squads Dispatched 12 | . 1 1 1 . 5 . . . 4 Investigation 1 | . . . . . . . . . 1 Extermination 4 | . . . . . 2 . . . 2 Reinforcement 7 | . 1 1 1 . 3 . . . 1 Assault . | . . . . . . . . . . Garrison . | . . . . . . . . . . Intercept . | . . . . . . . . . . Searches Triggered . | . . . . . . . . . . Construction Impeded . | . . . . . . . . . . Haulers Reinforced 1 | . . . . . 1 . . . . Active Scanning Responses . | . . . . . . . . . . Cargo Convoy Interrupts 1 | . . . . . . . . . 1 Stealth | -11 -10 -9 -8 -8 -7 -7 -7 -7 -6 --------- Run | Yrd Mat Mat Mat Gar Fac Gar Fac Gar Fac Distress Signals 1 | . 1 . . . . . . . . Communications Jammed . | . . . . . . . . . . Distress Signals . | . . . . . . . . . . Times Spotted 109 | . 11 16 5 14 5 19 . 7 32 Peak Tracking Total 11 | . 6 6 3 4 2 4 . 3 11 Tactical Retreats 6 | . . 1 . 2 . 2 . . 1 Traps | -11 -10 -9 -8 -8 -7 -7 -7 -7 -6 ------- Run | Yrd Mat Mat Mat Gar Fac Gar Fac Gar Fac Traps Triggered 11 | . . 1 . . 2 1 . 6 1 Indirectly . | . . . . . . . . . . Trap Hack Attempts . | . . . . . . . . . . Triggered . | . . . . . . . . . . Disarmed 6 | . . . . . 6 . . . . Reprogrammed . | . . . . . . . . . . Reused . | . . . . . . . . . . Traps Extracted . | . . . . . . . . . . Installed . | . . . . . . . . . . Triggered . | . . . . . . . . . . Machines | -11 -10 -9 -8 -8 -7 -7 -7 -7 -6 ---------- Run | Yrd Mat Mat Mat Gar Fac Gar Fac Gar Fac Machines Disabled 5 | . . . 1 3 . . . . 1 Max in Single Turn 2 | . . . 1 2 . . . . 1 Garrison Relay 1 | . . . . 1 . . . . . Phase Generator 1 | . . . . 1 . . . . . Machines Repaired . | . . . . . . . . . . Machines Dismantled . | . . . . . . . . . . Machines Sabotaged . | . . . . . . . . . . Overloaded Fab Kills . | . . . . . . . . . . Hacking | -11 -10 -9 -8 -8 -7 -7 -7 -7 -6 --------- Run | Yrd Mat Mat Mat Gar Fac Gar Fac Gar Fac Machines Accessed 11 | . 1 . 1 1 3 2 1 . 2 Terminals 5 | . 1 . . 1 1 2 . . . Fabricators 2 | . . . . . 1 . . . 1 Repair Stations 1 | . . . . . . . . . 1 Recycling Units . | . . . . . . . . . . Scanalyzers . | . . . . . . . . . . Garrison Access 3 | . . . 1 . 1 . 1 . . Total Hacks 24 | . 7 . 2 1 6 4 1 . 3 Successful 10 | . 2 . 1 1 3 1 1 . 1 Failed 14 | . 5 . 1 . 3 3 . . 2 Catastrophic 3 | . . . . . . 2 . . 1 Database Lockouts . | . . . . . . . . . . Manual 4 | . 3 . . . . . . . 1 Terminals 16 | . 7 . . 1 4 4 . . . Fabricators 3 | . . . . . 1 . . . 2 Repair Stations 1 | . . . . . . . . . 1 Recycling Units . | . . . . . . . . . . Scanalyzers . | . . . . . . . . . . Garrison Access 4 | . . . 2 . 1 . 1 . . Terminal Hacks 6 | . 2 . . 1 2 1 . . . Prototype ID Bank 1 | . 1 . . . . . . . . Locate Traps 1 | . . . . . 1 . . . . Disarm Traps 1 | . . . . . 1 . . . . Zone Layout 1 | . 1 . . . . . . . . Garrison Registry 2 | . . . . 1 . 1 . . . Fabricator Hacks 1 | . . . . . . . . . 1 Build 1 | . . . . . . . . . 1 Repair Station Hacks . | . . . . . . . . . . Recycling Unit Hacks . | . . . . . . . . . . Scanalyzer . | . . . . . . . . . . Garrison Access Hacks 3 | . . . 1 . 1 . 1 . . Unlock Access 3 | . . . 1 . 1 . 1 . . Unauthorized Hacks . | . . . . . . . . . . Terminals . | . . . . . . . . . . Fabricators . | . . . . . . . . . . Repair Stations . | . . . . . . . . . . Recycling Units . | . . . . . . . . . . Scanalyzers . | . . . . . . . . . . Garrison Access . | . . . . . . . . . . Data Cores Recovered . | . . . . . . . . . . Used . | . . . . . . . . . . Hacking Detections 7 | . 1 . 1 . 2 2 . . 1 Full Trace Events 1 | . . . . . . 1 . . . Feedback Events . | . . . . . . . . . . Feedback Blocked . | . . . . . . . . . . Robot Schematics Acquired . | . . . . . . . . . . Robots Built . | . . . . . . . . . . Authchips . | . . . . . . . . . . Time . | . . . . . . . . . . Total Robot Build Rating . | . . . . . . . . . . Part Schematics Acquired . | . . . . . . . . . . Parts Built 2 | . . . . . . . . . 2 Authchips . | . . . . . . . . . . Time 95 | . . . . . . . . . 95 Total Part Build Rating 10 | . . . . . . . . . 10 Part Studies Acquired . | . . . . . . . . . . Parts Repaired . | . . . . . . . . . . Time . | . . . . . . . . . . Parts Recycled . | . . . . . . . . . . Recycled Matter . | . . . . . . . . . . Retrieved Matter . | . . . . . . . . . . Retrieved Components . | . . . . . . . . . . Parts Scanalyzed . | . . . . . . . . . . Part Schematics Acquired . | . . . . . . . . . . Parts Damaged . | . . . . . . . . . . Bothacking | -11 -10 -9 -8 -8 -7 -7 -7 -7 -6 ------------ Run | Yrd Mat Mat Mat Gar Fac Gar Fac Gar Fac Used RIF Installer 4 | . . . . 2 . 1 . 1 . Hotswap 1 | . . . . 1 . . . . . Threat Obfuscator 1 | . . . . . . 1 . . . Alert ID Control 1 | . . . . . . . . 1 . Robots Hacked 4 | . . . . . . . . . 4 Non-combat 2 | . . . . . . . . . 2 Combat 2 | . . . . . . . . . 2 Robot Hacks Applied 4 | . . . . . . . . . 4 amplify_resonance 1 | . . . . . . . . . 1 overwrite_iff 1 | . . . . . . . . . 1 formatsys_high 2 | . . . . . . . . . 2 Relay Couplers Released 6 | . . . . 6 . . . . . Machine Destruction 3 | . . . . 3 . . . . . Programmers 3 | . . . . 3 . . . . . Attached 2 | . . . . . . . . . 2 Fabnet Peak Effective % . | . . . . . . . . . . Robots Rewired . | . . . . . . . . . . Allies Hacked . | . . . . . . . . . . Hacks Repelled . | . . . . . . . . . . Allies | -11 -10 -9 -8 -8 -7 -7 -7 -7 -6 -------- Run | Yrd Mat Mat Mat Gar Fac Gar Fac Gar Fac Total Allies 3 | . . . . . . . . . 3 Largest Group 1 | . . . . . . . . . 1 Highest-Rated Group 40 | . . . . . . . . . 40 Highest-Rated Ally 40 | . . . . . . . . . 40 Total Orders . | . . . . . . . . . . Ally Attacks 6 | . . . . . . . . . 6 Total Damage 76 | . . . . . . . . . 76 Kills . | . . . . . . . . . . Allies Corrupted . | . . . . . . . . . . Allies Melted . | . . . . . . . . . . Intel | -11 -10 -9 -8 -8 -7 -7 -7 -7 -6 ------- Run | Yrd Mat Mat Mat Gar Fac Gar Fac Gar Fac Active Infowar (turns) 4157 | 117 254 503 83 914 1231 866 37 152 . Seismic 4157 | 117 254 503 83 914 1231 866 37 152 . Robot Analysis Total . | . . . . . . . . . . Derelict Logs Recovered . | . . . . . . . . . . Drone Launches . | . . . . . . . . . . Drone Recoveries . | . . . . . . . . . . Exploration | -11 -10 -9 -8 -8 -7 -7 -7 -7 -6 ------------- Run | Yrd Mat Mat Mat Gar Fac Gar Fac Gar Fac Turns Passed 5873 | 224 254 503 97 914 1231 876 37 393 1344 Spaces Moved 2538 | 134 141 186 24 325 639 345 19 157 568 Core 4 | 4 . . . . . . . . . Treads . | . . . . . . . . . . Legs 2491 | 130 141 186 24 325 639 345 19 157 525 Wheels 43 | . . . . . . . . . 43 Hover . | . . . . . . . . . . Flight . | . . . . . . . . . . Fastest Speed 50 | 50 120 120 190 120 120 186 187 187 160 Average Speed 179 | 117 129 194 190 176 177 189 187 188 197 Slowest Speed 330 | 120 190 330 190 190 190 265 187 190 260 Overloaded Moves . | . . . . . . . . . . Propulsion Burnouts . | . . . . . . . . . . Robots Hopped . | . . . . . . . . . . Potential Cave-ins . | . . . . . . . . . . Cave-ins Triggered . | . . . . . . . . . . Exploration Rate (%) 23 | 6 32 22 4 52 19 46 1 36 17 Regions Visited 9 Branch Regions . Pre-discovered Areas . | . . . . . . . . . . Known Exits Taken 3 | . . . 1 . 1 . 1 . . Unknown Exits Taken 3 | 1 1 1 . . . . . . . Scrap Searched . | . . . . . . . . . . Spaces Dug . | . . . . . . . . . . Terrain Destroyed 89 | . . . . 74 1 . . 4 10 Melee . | . . . . . . . . . . Projectile 14 | . . . . . 1 . . 3 10 AOE 74 | . . . . 74 . . . . . Terrain Rammed . | . . . . . . . . . . Walls Destroyed . | . . . . . . . . . . Machines Disabled . | . . . . . . . . . . Actions | -11 -10 -9 -8 -8 -7 -7 -7 -7 -6 --------- Run | Yrd Mat Mat Mat Gar Fac Gar Fac Gar Fac Total 3369 | 165 170 254 55 596 710 463 20 221 715 Wait 348 | . 4 9 18 218 8 36 . 22 33 Move 2526 | 133 140 185 23 323 638 343 18 155 568 Hop . | . . . . . . . . . . Pick Up 54 | 8 . 5 1 4 17 3 . 3 13 Fast Attach 35 | 7 . 5 . 4 4 9 . 1 5 Attach 27 | . . 2 3 5 1 4 . 3 9 Detach 1 | . . . . . . . . . 1 Swap 50 | . 3 7 1 4 15 6 2 . 12 Drop 40 | 1 2 1 . 3 13 3 . 1 16 Fire 232 | 16 21 39 9 35 12 33 . 16 51 Melee 26 | . . . . . . 21 . . 5 Ram . | . . . . . . . . . . Kick 3 | . . 1 . . 2 . . . . Crush . | . . . . . . . . . . Escape Stasis 25 | . . . . . . 5 . 20 . Rewire 2 | . . . . . . . . . 2 Trap . | . . . . . . . . . . Miscellaneous . | . . . . . . . . . . Route ------- -11/Scrapyard -10/Materials -9/Materials -8/Materials -8/Garrison (discovered 3 exits: *Fac x3) -7/Factory -7/Garrison (discovered 3 exits: *Fac x3) -7/Factory -7/Garrison -6/Factory (discovered 1 exit: [*Low]) History --------- Turn | Location | Event 6 | -11/Scrapyard | Discovered new exit (range 16) 225 | -11/Scrapyard | Entered Materials 302 | -10/Materials | Build established: Mutant 407 | -10/Materials | Discovered new exit (range 5) 479 | -10/Materials | Entered another Materials area 479 | -9/Materials | Evolved 2 slots: Propulsion x1, Utility x1 601 | -9/Materials | Lost 5 parts (1p2n2w) 947 | -9/Materials | Discovered new exit (range 15) 982 | -9/Materials | Entered another Materials area 982 | -8/Materials | Evolved 2 slots: Utility x1, Weapon x1 1077 | -8/Materials | Identified exit to Garrison 1079 | -8/Materials | Entered Garrison 1117 | -8/Garrison | Phase Generator disabled 1139 | -8/Garrison | Discovered new exit (range 62) 1139 | -8/Garrison | Discovered new exit (range 62) 1139 | -8/Garrison | Discovered new exit (range 93) 1266 | -8/Garrison | Garrison Relay disabled 1273 | -8/Garrison | Build established: Scavenger-Gunner 1421 | -8/Garrison | Triggered checkpoint 1607 | -8/Garrison | Lost 3 parts (1n2w) 1825 | -8/Garrison | Triggered checkpoint 1841 | -8/Garrison | Triggered checkpoint 1868 | -8/Garrison | Lost 4 parts (2n1u1w) 1896 | -8/Garrison | Installed Relay Interface Framework 1953 | -8/Garrison | Expanded RIF knowledge: Hotswap 1993 | -8/Garrison | Entered Factory 1993 | -7/Factory | Evolved 2 slots: Propulsion x1, Utility x1 2140 | -7/Factory | Allied Derelicts emerged from ambush trap array 3222 | -7/Factory | Identified exit to Garrison 3224 | -7/Factory | Entered Garrison 3262 | -7/Garrison | Triggered checkpoint 3430 | -7/Garrison | Discovered new exit (range 55) 3430 | -7/Garrison | Discovered new exit (range 62) 3430 | -7/Garrison | Discovered new exit (range 32) 3538 | -7/Garrison | Triggered checkpoint 3645 | -7/Garrison | Heavy support dispatched to Factory 3696 | -7/Garrison | Build established: Gunner 3816 | -7/Garrison | Triggered checkpoint 3930 | -7/Garrison | System corruption reached 10% 4076 | -7/Garrison | Expanded RIF knowledge: Threat Obfuscation 4100 | -7/Garrison | Entered Factory 4120 | -7/Factory | Identified exit to Garrison 4137 | -7/Factory | Entered Garrison 4217 | -7/Garrison | Triggered checkpoint 4342 | -7/Garrison | Lost 5 parts (2n2u1w) 4403 | -7/Garrison | Triggered checkpoint 4446 | -7/Garrison | Heavy support dispatched to Factory 4483 | -7/Garrison | Discovered new exit (range 15) 4502 | -7/Garrison | Expanded RIF knowledge: Alert ID Control 4508 | -7/Garrison | Heavy support dispatched to Factory 4530 | -7/Garrison | Entered Factory 4530 | -6/Factory | Evolved 2 slots: Utility x2 4646 | -6/Factory | Fabricated Imp. Core Shielding? 4725 | -6/Factory | Build established: Scavenger-Gunner 4761 | -6/Factory | Discovered new exit (range 9) 5211 | -6/Factory | Build established: Scavenger-Mutant 5832 | -6/Factory | Cargo convoy interrupted 5856 | -6/Factory | Core integrity fell below 50% 5867 | -6/Factory | Core integrity fell below 20% 5874 | -6/Factory | Destroyed by X-67 Chaingunner with Heavy Machine Gun Last Messages --------------- 05862_ U-05 Engineer lays Concrete. 05863_ Flak Gun destroyed. 05863_ U-05 Engineer lays Concrete. 05865_ Penetrated by Slug. 05865_ U-05 Engineer lays Concrete. 05866_ Penetrated by Slug. 05866_ Mni. Assault Cannon destroyed. 05866_ U-05 Engineer lays Concrete. 05868_ Penetrated by Slug. 05869_ U-05 Engineer lays Concrete. 05869_ U-05 Engineer destroyed. 05869_ Penetrated by Slug. 05870_ U-05 Engineer lays Concrete. 05871_ Penetrated by Slug. 05872_ Gatling Laser destroyed. 05872_ U-05 Engineer builds a Wall. 05872_ U-05 Engineer repairs door. 05872_ Penetrated by Slug. 05872_ W-25 Informer destroyed. 05873_ U-05 Engineer builds a Wall. Map ----- +----------------------------------------------------+ | ?????????????????????????????????????????????????? | | ?????????????????????????????????????????????????? | | ?????????????????????????????????????????????????? | | ?????????????????????????????????????????????????? | | ?????????????????????????????????????????????????? | | ?????????????????????????????????????????????????? | | ?????????????????????????????????????????????????? | | ?????????????????????????????????????????????????? | | ?????????????????????????????????????????????????? | | ?????????????????????????????????????????????????? | | ?????????????????????????????????????????????????? | | ?????????????????????????????????????????????????? | | ?????????????????????????????????????????????????? | | ?????????????????????????????????????????????????? | | ?????????????????????????????????????????????????? | | ????????????????????????###########??????????????? | | ???????????????????????? ???????????????? | | ???????????????????????? ???? ???????????? | | ???????????????????????? ??? ????????????? | | ?????????????????????#######+#####A##????????????? | | ?????????????????????# !% =%!A #????????????? | | ???????????????????### !!! * [#????????????? | | ???????????????????? uu%h!u! !/ #????????????? | | ?????????????????????#*h=!xm =/ #????????????? | | ?????????????????????#%*%=x!| =/ #????????????? | | ?????????????????????# !%@u*u #????????????? | | ???????????????????#######/#######???????????????? | | ???????????????????# *!=%% #?????????????????? | | ???????????????????# #?????????????????? | | ???????????????????# %#?????????????????? | | ???????????????????# """" " "" ##############????? | | ???????????????????# """" " "" # #????? | | ???????????????????# """" " "" # #????? | | ???????????????????# """" """"%+ #????? | | ???????????????????# """" """%%# #????? | | ???????????????????# """" """ # ##???? | | ???????????????????# """" """" ##### # | | ???????????????????# #???# # """" | | ???????????????????# #???# # """" | | ???????????????????# #???# # """" | | ???????????????????#############???# # """" | | ???????????????????????????????????#+## # | | ??????????????????????????????????????# # | | ??????????????????????????????????????# # ! | | ??????????????????????????????????????# #####+ | | ??????????????????????????????????????# | | ??????????????????????????????????????# | | ??????????????????????????????????????# | | ??????????????????????????????????????# ] | | ??????????????????????????????????????# | +----------------------------------------------------+ Best States ------------- Heat Dissipation 45 Energy Generation 18 Energy Capacity 310 Matter Stores 300 Matter Capacity 300 Sight Range 16 Terrain Scan Density 10 Armor Coverage 600 Weapon Cycling 15 Evasion (%) 55 Targeting Accuracy 16 Core Analysis 6 Relay Coupler Types 1 Relay Coupler Value 21 Authchip Count 1 Item Schematics ----------------- None Robot Schematics ------------------ None Fabricated ------------ Imp. Core Shielding | x2 | -6/Factory | Preloaded Repaired ---------- Nothing Studied --------- None Alien Tech Used ----------------- None Achievements -------------- None Challenges ------------ None Game ------ Seed GlidesysXenonRailgun Manual? 0 Play Time 00:30:39 Cumulative 289.2 hours Start 2025.11.30 @ 19:32:53 End 2025.11.30 @ 20:01:47 Sessions 1 Manual Loads 0 Difficulty Rogue Special Mode None Game No. 618 Rogue 618 Adventurer 0 Explorer 0 Win Type - Total 20 Types 14/0/4/1/1/0/0/0/0/0 Lore% 80 Gallery% 72 Achievement% 50 Wizard Run 0 Options --------- Layout 0 ASCII 0 Keyboard 0 Movement Numpad Keybinds 0 Fullscreen 2 Font 18/Terminus Map View 76x50 Zoom Use 0% Tactical HUD 1 Map Filters NONE Filters SATURATION(100) Steam 1 RUN: f5920e60-0d37-435c-abc7-31b6711f9fcb